 Dungeon Crawl Stone Soup version 0.19-a0-644-gd04d753 (webtiles) character file.

4302 Rainbowgamer28 the Cleaver (level 10, 0/107 HPs)
             Began as a Naga Gladiator on June 14, 2016.
             Was a Priest of Kikubaaqudgha.
             Slain by a wyvern zombie (2 damage)
             ... on level 9 of the Dungeon.
             The game lasted 01:02:16 (9352 turns).

Rainbowgamer28 the Cleaver (Naga Gladiator)         Turns: 9352, Time: 01:02:17

Health: 0/107      AC: 13    Str: 19    XL:     10   Next: 32%
Magic:  10/10      EV:  6    Int:  9    God:    Kikubaaqudgha [***...]
Gold:   353        SH:  0    Dex: 13    Spells: 0 memorised, 9 levels left

rFire  + . .     SeeInvis +     a - +0 war axe
rCold  . . .     Gourm    .     z - +0 chain mail (curse)
rNeg   . . .     Faith    .     (no shield)
rPois  +         Spirit   .     c - +0 helmet
rElec  .         Dismiss  .     x - +2 cloak
rCorr  .         Reflect  .     (no gloves)
SustAt +         Harm     .     (no barding)
MR     +....                    (no amulet)
Stlth  ..........               u - ring of protection from fire
                                o - ring of sustain attributes

@: very slow, somewhat resistant to hostile enchantments, extremely unstealthy
A: see invisible, deformed body, poison resistance, robust 1, slowness 2, slow
metabolism 1, spit poison 2, evolution 1, AC +3
a: Spit Poison, Receive Corpses, Renounce Religion


You were on level 9 of the Dungeon.
You worshipped Kikubaaqudgha.
Kikubaaqudgha was most pleased with you.
You were hungry.

You visited 1 branch of the dungeon, and saw 9 of its levels.
You also visited: Sewer.

You collected 353 gold pieces.

Inventory:

Hand Weapons
 a - a +0 war axe (weapon)
 g - a +0 hunting sling
 y - a +0 blowgun
Missiles
 e - 247 stones (quivered)
 k - 5 poisoned javelins
 s - 7 tomahawks
 A - 33 poisoned needles
 D - 5 needles of sleeping
Armour
 c - a +0 helmet (worn)
 n - a +0 scale mail
 x - a +2 cloak (worn)
 z - a cursed +0 chain mail (worn)
Jewellery
 o - a ring of sustain attributes (left hand)
 u - a ring of protection from fire (right hand)
Wands
 L - a wand of acid (4/15)
 R - a wand of hasting (4/9)
Scrolls
 h - 2 scrolls of enchant armour {unknown}
 m - 4 scrolls of remove curse
 p - 2 scrolls of fog {unknown}
 r - 3 scrolls of teleportation
 w - 2 scrolls of amnesia
 E - a scroll of blinking
 H - a scroll of immolation {unknown}
 I - a scroll of fear {unknown}
 J - a scroll of magic mapping {unknown}
 K - a scroll of summoning {unknown}
Potions
 b - 7 potions of flight
 i - 2 potions of resistance
 j - 8 potions of curing {unknown}
 l - 4 potions of agility {unknown}
 t - 3 potions of heal wounds {unknown}
 v - a potion of might {unknown}
 C - 6 potions of brilliance
 F - 2 potions of mutation {unknown}
 G - 2 potions of beneficial mutation {unknown}
 N - 2 potions of magic {unknown}
Books
 B - Kikubaaqudgha's Handbook of Dark Rituals
   (Kikubaaqudgha gifted it to you in a sewer)

   Spells                             Type                      Level
   a - Pain                           Necromancy                   1
   b - Corpse Rot                     Necromancy                   2
   c - Sublimation of Blood           Necromancy                   2
   d - Regeneration                   Charms/Necromancy            3
   e - Control Undead                 Necromancy                   4
 P - a book of Fire

   Spells                             Type                      Level
   a - Ignite Poison                  Fire/Transmutation/Poison    3
   b - Fireball                       Conjuration/Fire             5
   c - Bolt of Fire                   Conjuration/Fire             6
   d - Delayed Fireball               Conjuration/Fire             7
   e - Ring of Flames                 Charms/Fire                  7
 S - a book of the Tempests

   Spells                             Type                      Level
   a - Static Discharge               Conjuration/Air              3
   b - Lightning Bolt                 Conjuration/Air              5
   c - Fireball                       Conjuration/Fire             5
   d - Tornado                        Air                          9
   e - Shatter                        Earth                        9
 T - Kikubaaqudgha's Guide on Sinister Arts
   (Kikubaaqudgha gifted it to you on level 9 of the Dungeon)

   Spells                             Type                      Level
   a - Animate Dead                   Necromancy                   4
   b - Excruciating Wounds            Charms/Necromancy            5
   c - Dispel Undead                  Necromancy                   5
   d - Simulacrum                     Ice/Necromancy               6
   e - Death Channel                  Necromancy                   6
Comestibles
 f - 7 bread rations
 q - 3 meat rations
 M - a beef jerky
 O - a royal jelly
 Q - 3 fruits
 U - 8 chunks of flesh


   Skills:
 * Level 8.4 Fighting
 + Level 10.7 Axes
 - Level 2.5 Throwing
 - Level 5.0 Armour
 - Level 2.4 Dodging


You had 9 spell levels left.
You didn't know any spells.

Dungeon Overview and Level Annotations

Branches:
Dungeon (9/15)             Temple (0/1) D:5
   Lair: D:8-11         Orc: D:9-12

Altars:
Cheibriados
Hepliaklqana
Kikubaaqudgha
Nemelex Xobeh
Okawaru
Ru
Uskayaw
The Shining One

Shops:
D:6 }


Innate Abilities, Weirdness & Mutations

You cannot wear boots.
Your serpentine skin is tough. (AC +3)
You have supernaturally acute eyesight. (SInv)
Armour fits poorly on your strangely shaped body.
Your system is resistant to poisons. (rPois)
You cover ground very slowly.
You have a slow metabolism.
You can spit poison.
You are robust. (+10% HP)
You evolve.


Message History

The throwing net hits the wyvern zombie.
The wyvern zombie is caught in the net!
The wyvern zombie struggles against the net.
You slash the wyvern zombie!
The wyvern zombie struggles against the net.
You slash the wyvern zombie!
The wyvern zombie struggles against the net.
The net rips apart, and the wyvern zombie comes free!
The wyvern zombie bites you.
* * * LOW HITPOINT WARNING * * *
You slash the wyvern zombie! The wyvern zombie bites you.
* * * LOW HITPOINT WARNING * * *
Throwing (i - inventory. (,) - cycle):
d - a throwing net (quivered)
Press: ? - help, Shift-Dir - straight line, f/p - wyvern zombie
Aim: a wyvern zombie You throw a throwing net.
The throwing net barely misses the wyvern zombie.
The wyvern zombie bites you.
You die...
Kikubaaqudgha rasps: "You have failed me!
Welcome... death!"

.......
..Z....
.......
#......
.....###
#....# #.#
###).# ..
###.((.# .#
#.@Z##.###.#
#..>####..#..#
#.##
###.#.#### #
#........#
#).......#
#......^.#
##........#
#.........#
##...#..<..#


You could see a wyvern zombie.

Vanquished Creatures
  The ghost of tstbtto the Cleaver, a novice CeBe of Trog (D:6)
  Pikel (D:5)
  A troll (D:9)
  A wyvern (D:8)
  A hippogriff (D:6)
  A steam dragon (D:8)
  Duvessa (D:5)
  An orc warrior (D:5)
  An ice beast (D:8)
  A phantom (D:8)
  A sky beast (D:6)
  An ogre (D:6)
  A centaur (D:9)
  A giant frog (D:6)
  An elf skeleton (D:6)
  3 scorpions
  Dowan (D:5)
  A water moccasin skeleton (D:4)
  5 killer bees (D:8)
  3 howler monkeys
  4 wights (D:6)
  3 giant frog zombies
  A human zombie (D:6)
  A centaur skeleton (D:4)
  5 orc priests
  6 hounds
  2 human skeletons (D:6)
  2 jellies
  4 iguanas
  4 orc wizards
  2 worker ants (D:6)
  A hound zombie (D:5)
  2 hound skeletons
  A worker ant zombie (D:6)
  10 adders
  4 gnolls
  3 shadow imps
  2 oozes
  An adder zombie (D:7)
  2 adder skeletons
  2 worms
  8 giant geckos
  20 orcs
  A ball python (Sewer)
  15 bats
  7 giant cockroaches
  8 goblins
  9 hobgoblins
  13 jackals
  3 quokkas
  6 giant newts
  20 kobolds
  An orc skeleton (D:6)
  An orc zombie (D:6)
  11 rats
213 creatures vanquished.

Vanquished Creatures (others)
  A quasit (D:5)
  A quokka (D:5)
2 creatures vanquished.

Grand Total: 215 creatures vanquished

Notes
Turn   | Place    | Note
--------------------------------------------------------------
     0 | D:1      | Rainbowgamer28 the Naga Gladiator began the quest for the Orb.
     0 | D:1      | Reached XP level 1. HP: 19/19 MP: 1/1
   288 | D:1      | Reached XP level 2. HP: 21/26 MP: 2/2
   521 | D:1      | Reached skill level 4 in Axes
   698 | D:1      | Reached XP level 3. HP: 23/32 MP: 3/3
  1519 | D:2      | Found a sparkling altar of Nemelex Xobeh.
  1521 | D:2      | Reached XP level 4. HP: 39/39 MP: 4/4
  1707 | D:2      | Reached skill level 5 in Axes
  2269 | D:3      | Found an ancient bone altar of Kikubaaqudgha.
  2276 | D:3      | Became a worshipper of Kikubaaqudgha
  2475 | D:3      | Found a glowing drain.
  2481 | Sewer    | Entered a sewer
  2601 | Sewer    | Reached XP level 5. HP: 45/45 MP: 5/5
  2640 | Sewer    | Reached * piety under Kikubaaqudgha
  2640 | Sewer    | Received a gift from Kikubaaqudgha
  2646 | Sewer    | Identified Kikubaaqudgha's Handbook of Dark Rituals (Kikubaaqudgha gifted it to you in a sewer)
  3309 | D:4      | Reached skill level 6 in Axes
  3309 | D:4      | Reached XP level 6. HP: 55/55 MP: 6/6
  3361 | D:4      | Found a snail-covered altar of Cheibriados.
  4237 | D:4      | Reached XP level 7. HP: 62/62 MP: 7/7
  4367 | D:5      | Entered Level 5 of the Dungeon
  4370 | D:5      | Noticed Dowan
  4371 | D:5      | Noticed Duvessa
  4375 | D:5      | Killed Dowan
  4375 | D:5      | Reached skill level 7 in Axes
  4390 | D:5      | Killed Duvessa
  4634 | D:4      | Found a hide-covered altar of Uskayaw.
  4688 | D:5      | Found a staircase to the Ecumenical Temple.
  4690 | D:5      | Found a sacrificial altar of Ru.
  4697 | D:5      | Noticed Pikel
  4715 | D:5      | Killed Pikel
  4715 | D:5      | Reached skill level 8 in Axes
  4715 | D:5      | Reached XP level 8. HP: 55/73 MP: 8/8
  4747 | D:5      | Reached ** piety under Kikubaaqudgha
  4857 | D:5      | Reached skill level 5 in Fighting
  5545 | D:5      | Reached skill level 9 in Axes
  5842 | D:6      | Noticed tstbtto's ghost (novice CeBe)
  5867 | D:6      | Killed tstbtto's ghost
  5867 | D:6      | Reached skill level 10 in Axes
  5867 | D:6      | Reached XP level 9. HP: 36/82 MP: 9/9
  5991 | D:6      | Found Keniweek's Gadget Boutique.
  6149 | D:6      | Reached skill level 1 in Armour
  6724 | D:6      | Found an iron altar of Okawaru.
  6890 | D:6      | Gained mutation: You evolve. [mutagenic meat]
  7369 | D:6      | Found a hazy altar of Hepliaklqana.
  7506 | D:7      | Gained mutation: You are robust. (+10% HP) [evolution]
  7532 | D:7      | Reached skill level 5 in Armour
  8499 | D:8      | Reached XP level 10. HP: 66/103 MP: 10/10
  9295 | D:9      | Found a glowing golden altar of the Shining One.
  9325 | D:9      | Reached *** piety under Kikubaaqudgha
  9325 | D:9      | Received a gift from Kikubaaqudgha
  9331 | D:9      | Identified Kikubaaqudgha's Guide on Sinister Arts (Kikubaaqudgha gifted it to you on level 9 of the Dungeon)
  9351 | D:9      | HP: 2/107 [wyvern zombie (6)]
  9352 | D:9      | Slain by a wyvern zombie

Vault maps used:
D:1:      roderic_dead_forest, serial_curves, eino_curves_03, eino_curves_01,
          eino_curves_01, eino_curves_01, dk_noncrumbling_4, minmay_distorted
D:2:      nemelex_xobeh_ov_fountains_minmay, kennysheep_generic_room_10
D:3:      lemuel_round_altar, lightli_sewer_entry_pipes, first_bread
D:4:      lemuel_coloured_pillars_altar, nicolae_overflow_hidden_temple
D:5:      kennysheep_mini, minmay_temple_entry_purple_smoke, uniq_duvessa,
          uniq_pikel
D:6:      marbit_many_paths, nicolae_ossuary_entry_catacombs, serial_shops,
          shop, okawaru_gym_becter
D:9:      yredelemnul_altar_generic, lemuel_crystal_altar, tso_oasis_becter
Sewer:    kennysheep_pipe_town

Skill      XL: |  1  2  3  4  5  6  7  8  9 10 |
---------------+-------------------------------+-----
Axes           | 4 5 6 8 10 | 10.7
Throwing       | 2 |  2.5
Fighting       | 3 4 6 7 8 |  8.4
Armour         | 5 |  5.0
Dodging        | |  2.4

Action                   |  1- 3 |  4- 6 |  7- 9 | 10-12 || total
-------------------------+-------+-------+-------+-------++-------
Melee: War axe           |    67 |   181 |   322 |    94 ||   664
Throw: Stone             |    46 |    78 |   114 |    39 ||   277
       Javelin           |     2 |     9 |    11 |     3 ||    25
       Throwing net      |       |       |     1 |     2 ||     3
 Abil: Spit Poison       |    20 |    37 |    29 |     7 ||    93
  Use: Scroll            |       |     6 |     2 |     1 ||     9
  Eat: Chunk             |     2 |    10 |    10 |     3 ||    25
       Pizza             |       |       |     2 |       ||     2
Armor: Leather armour    |    18 |       |       |       ||    18
       Scale mail        |    12 |    68 |       |       ||    80
       Chain mail        |       |    46 |   194 |    92 ||   332
Dodge: Dodged            |    34 |    84 |    87 |    41 ||   246
